 Dungeon Crawl Stone Soup version 0.30.0-10-gfe55d96785 (webtiles) character file.

Game seed: 17920526465541425470

67 Strat the Chiller (level 4, 0/30 HPs)
             Began as a Formicid Ice Elementalist on May 13, 2023.
             Slain by Grinder (5 damage)
             ... on level 2 of the Dungeon on May 14, 2023.
             The game lasted 00:07:39 (2747 turns).

Strat the Chiller (Formicid Ice Elementalist)       Turns: 2747, Time: 00:07:39

Health: 0/30       AC:  3    Str: 16 (18) XL:     4   Next: 38%
Magic:  4/7        EV: 12    Int: 10 (12) God:
Gold:   165        SH:  0    Dex: 16 (19) Spells: 0/7 levels left

rFire   . . .        a - +0 short sword
rCold   . . .        (no shield)
rNeg    . . .        e - +0 robe
rPois   .            (helmet unavailable)
rElec   .            (no cloak)
rCorr   .            m - +0 pair of gloves
SInv    +            (no boots)
Will    .....        (no amulet)
Stlth   ++           h - +6 ring of dexterity
HPRegen 0.25/turn    (no ring)
MPRegen 0.10/turn

%: no passive effects
@: no status effects
A: permanent stasis, dig shafts and tunnels, antennae 3, four strong arms, dopey
1, strong 1
a: Dig, Shaft Self


You were on level 2 of the Dungeon.
You visited 1 branch of the dungeon, and saw 3 of its levels.

You collected 165 gold pieces.

Inventory:

Hand Weapons
 a - a +0 short sword (weapon)
 b - a +0 sling
Missiles
 i - 2 javelins
Armour
 e - a +0 robe (worn)
 m - a +0 pair of gloves (worn)
Jewellery
 h - a +6 ring of dexterity (left hand)
Scrolls
 c - 2 scrolls of immolation {unknown}
 d - a scroll of noise {unknown}
 g - 2 scrolls of identify {unknown}
 k - a scroll of amnesia {unknown}
 o - a scroll of fear {unknown}
 p - 2 scrolls of teleportation {unknown}
Potions
 j - 4 potions of degeneration
 q - a potion of resistance {unknown}


   Skills:
 - Level 1.7 Dodging
 - Level 2.4 Stealth
 - Level 2.1 Spellcasting
 + Level 5.6 Ice Magic


You couldn't memorise any spells.
You knew the following spells:

 Your Spells              Type           Power      Damage    Failure   Level
a - Freeze                Ice            48%        1d6       3%          1
b - Frozen Ramparts       Ice            24%        1d4       10%         3
c - Ozocubu's Armour      Ice            12%        N/A       10%         3

Your spell library contained the following spells:

 Spells                   Type           Power      Damage    Failure   Level
 Apportation              Tloc           2%         N/A       30%         1
 Necrotise                Necr           4%         1d4       30%         1
 Summon Small Mammal      Summ           4%         N/A       30%         1
 Summon Ice Beast         Ice/Summ       6%         N/A       67%         4


Dungeon Overview and Level Annotations

Branches:
Dungeon (3/15)

Altars:

Annotations:
D:2 Grinder
D:3 3 runed translucent doors, Sigmund; esper6's ghost, weakling DsBr


Innate Abilities, Weirdness & Mutations

You cannot be hasted, slowed, berserked, paralysed or teleported.
You can dig through walls and to a lower floor.
You have a pair of large antennae on your head. (SInv)
Your four strong arms can wield two-handed weapons with a shield.
You are dopey. (Int -2)
Your muscles are strong. (Str +4, Int/Dex -1)


Message History

* * * LOW HITPOINT WARNING * * *
You hit Grinder.
Grinder is lightly wounded.
Grinder hits you.
* * * LOW HITPOINT WARNING * * *
You writhe in agony.
* * * LOW HITPOINT WARNING * * *
You hit Grinder.
Grinder is lightly wounded.
Grinder gestures at you.
Your stasis prevents you from being paralysed.
You hit Grinder.
Grinder is moderately wounded.
Grinder closely misses you.
You closely miss Grinder.
Grinder is moderately wounded.
Grinder hits you!
* * * LOW HITPOINT WARNING * * *
You hit Grinder but do no damage. You punch Grinder.
Grinder is moderately wounded.
Grinder closely misses you.
You hit Grinder but do no damage.
Grinder is moderately wounded.
Grinder hits you but does no damage.
You hit Grinder.
Grinder is moderately wounded.
Grinder closely misses you.
You hit Grinder.
Grinder is moderately wounded.
Grinder says, "Just stop there for a second..."
Grinder gestures at you. Pain shoots through your body!
* * * LOW HITPOINT WARNING * * *
You barely miss Grinder.
Grinder is moderately wounded.
Grinder closely misses you.
You hit Grinder but do no damage.
Grinder is moderately wounded.
Grinder hits you.
You die...

#
#.#######.######.#...#
# #...# #.# #.#.### #
###.# #.# #.#.# #
#.### #.# #.#.#
#...###.# #.#.#
###.##..# #.#.#
#.##.## #.#.#
#.##.#######.#.#
#@5........).#.#
##############.#
#...........#.#
#.#########.#.#
#............)#
###########.#.# #.###
#.# #.#


You could see Grinder.

Vanquished Creatures
  2 dart slugs (D:2)
  2 orcs (D:3)
  6 endoplasms
  A giant cockroach (D:2)
  11 goblins
  6 hobgoblins
  3 quokkas
  3 ball pythons
  9 bats
  A frilled lizard (D:2)
  7 kobolds
  6 rats
57 creatures vanquished.

Notes
Turn   | Place    | Note
-------+----------+-------------------------------------------
     0 | D:1      | Strat the Formicid Ice Elementalist began the quest for the
                  | Orb.
     0 | D:1      | Reached XP level 1. HP: 13/13 MP: 3/3
   286 | D:1      | Reached XP level 2. HP: 19/19 MP: 5/5
   598 | D:1      | Reached XP level 3. HP: 21/24 MP: 3/6
   757 | D:1      | Reached skill level 5 in Ice Magic
  1005 | D:2      | Learned a level 3 spell: Frozen Ramparts
  1910 | D:2      | Reached XP level 4. HP: 26/30 MP: 7/7
  2209 | D:2      | Learned a level 3 spell: Ozocubu's Armour
  2215 | D:3      | Noticed Sigmund
  2216 | D:3      | Noticed Grinder
  2601 | D:3      | Found a runed translucent gate.
  2602 | D:3      | Found a runed translucent gate.
  2603 | D:3      | Found a runed translucent gate.
  2603 | D:3      | Noticed esper6's ghost (weakling DsBr)
  2604 | D:3      | Noticed a kobold brigand
  2732 | D:2      | HP: 1/30 [Grinder/nerve-wracking pain (12)]
  2734 | D:2      | Gained mutation: You are dopey. (Int -2) [potion of
                  | mutation]
  2734 | D:2      | Gained mutation: Your muscles are strong. (Str +4, Int/Dex
                  | -1) [potion of mutation]
  2747 | D:2      | Slain by Grinder

Illustrated notes

Levels and vault maps discovered:
D:1:      evilmike_arrival_hilbert_curve, layout_basic,
          chequers_serial_rivers_small_a
D:2:      layout_basic
D:3:      cheibrodos_thug_alley, layout_basic, gammafunk_ghost_nasty_kobolds,
          uniq_terence, uniq_grinder, uniq_sigmund

Skill      XL: |  1  2  3 |
---------------+----------+-----
Ice Magic      | 5 |  5.6
Dodging        | |  1.7
Stealth        | |  2.4
Spellcasting   | |  2.1

Action                     |  1- 3 |  4- 6 || total
---------------------------+-------+-------++-------
  Melee: Dagger            |    40 |       ||    40
         Club              |     1 |       ||     1
         Short sword       |       |    31 ||    31
         Punch             |       |     1 ||     1
   Fire: Sling             |    46 |    21 ||    67
   Cast: Freeze            |    24 |     7 ||    31
         Frozen Ramparts   |       |     2 ||     2
    Use: Potion            |       |     4 ||     4
   Stab: Sleeping          |     2 |     1 ||     3
 Armour: Robe              |    11 |    18 ||    29
  Dodge: Dodged            |    37 |    38 ||    75
